 Dungeon Crawl Stone Soup version 0.29.1-12-g30fa7ad0bf (webtiles) character file.

Game seed: 9525816610832881903

26879 OTABOTABOTAB the Spry (level 13, 40/66 HPs)
             Began as a Felid Summoner on Jan 17, 2023.
             Was an Initiate of Gozag.
             Quit the game on level 5 of the Lair of Beasts.
             The game lasted 01:13:02 (25559 turns).

OTABOTABOTAB the Spry (Felid Summoner)             Turns: 25559, Time: 01:13:02

Health: 40/66      AC: -1    Str:  4    XL:     13   Next: 1%
Magic:  25/37      EV: 29    Int: 30    God:    Gozag
Gold:   829        SH:  0    Dex: 16    Spells: 19/32 levels left
                                        Lives:  1   Deaths: 1

rFire   . . .      SeeInvis +   (weapon unavailable)
rCold   + . .      Faith    .   (shield unavailable)
rNeg    . . .      Spirit   .   (body armour unavailable)
rPois   .          Reflect  .   (helmet unavailable)
rElec   .          Harm     .   (cloak unavailable)
rCorr   .          Rampage  .   (gloves unavailable)
Will    +....                   (boots unavailable)
Stlth   +.........              h - amulet of magic regeneration
HPRegen 0.21/turn               I - +8 ring of intelligence
MPRegen 0.65/turn               t - ring of magical power {MP+9}

@: confused, mildly poisoned (40 -> 39), corroded, gold aura, quick
A: very small, claws 1, fangs 3, see invisible, speed 1, shaggy fur 3, stealthy
paws, no weapons or thrown items, no armour, multi-lived
a: Renounce Religion, Potion Petition, Call Merchant, Bribe Branch


You were on level 5 of the Lair of Beasts.
You worshipped Gozag.
Gozag was pleased with you.
You visited 3 branches of the dungeon, and saw 17 of its levels.
You also visited: Sewer and Bailey.

You collected 4234 gold pieces.
You spent 825 gold pieces at shops.
You paid 2580 gold pieces to Gozag.

Inventory:

Missiles
 g - 3 curare-tipped darts
Jewellery
 a - a ring of flight {+Fly, !d}
   (You found it on level 1 of the Dungeon)
 h - an amulet of magic regeneration (around neck)
   (You found it on level 6 of the Dungeon)
 m - a +6 ring of dexterity
   (You found it on level 3 of the Lair of Beasts)
 t - a ring of magical power (right paw) {MP+9}
   (You found it on level 3 of the Dungeon)
 I - a +8 ring of intelligence (left paw)
   (You bought it in a shop on level 8 of the Dungeon)
 Q - a +4 ring of slaying
   (You found it on level 3 of the Lair of Beasts)
Wands
 i - a wand of iceblast (3)
   (You took it off Maurice on level 11 of the Dungeon)
 j - a wand of polymorph (9)
   (You took it off Natasha on level 2 of the Dungeon)
 p - a wand of paralysis (12)
   (You found it on level 7 of the Dungeon)
 y - a wand of mindburst (16)
   (You found it on level 6 of the Dungeon)
Scrolls
 n - 4 scrolls of amnesia
 v - 3 scrolls of butterflies
 O - 2 scrolls of silence
 S - a scroll of summoning
 X - a scroll of magic mapping {@r4!r}
 Y - 4 scrolls of teleportation {@r3}
Potions
 c - a potion of invisibility
 d - a potion of cancellation
 e - 3 potions of magic
 f - a potion of brilliance {unknown}
 w - 3 potions of attraction {!q}
 G - 2 potions of ambrosia {!q}
 H - 5 potions of haste
 J - 12 potions of curing {@q1}
 L - 2 potions of flight
 M - 3 potions of might
 N - 7 potions of heal wounds {@q2}
 P - 8 potions of lignification {!q}
 R - 4 potions of resistance
 T - 2 potions of berserk rage {!q}
 U - 4 potions of mutation {!q}


   Skills:
 + Level 13.3 Fighting
 + Level 17.1 Dodging
 - Level 2.6 Stealth
 - Level 10.0 Spellcasting
 - Level 5.0 Hexes
 - Level 10.0 Summonings
 - Level 7.0 Air Magic


You had 19 spell levels left.
You knew the following spells:

 Your Spells              Type           Power      Damage    Failure   Level
a - Summon Small Mammal   Summ           100%       N/A       1%          1
b - Call Canine Familiar  Summ           66%        N/A       1%          3
c - Call Imp              Summ           66%        N/A       1%          2
d - Summon Guardian Gole  Hex/Summ       56%        N/A       1%          3
e - Summon Lightning Spi  Summ/Air       60%        N/A       1%          4

Your spell library contained the following spells:

 Spells                   Type           Power      Damage    Failure   Level
 Ensorcelled Hibernation  Hex/Ice        60%        N/A       1%          2
 Static Discharge         Conj/Air       36%        3-8/arc   1%          2
 Airstrike                Air            27%        2d(4-20)  1%          4
 Apportation              Tloc           30%        N/A       3%          1
 Magic Dart               Conj           60%        1d6       3%          1
 Necrotise                Necr           60%        1d7       3%          1
 Mephitic Cloud           Conj/Pois/Air  28%        N/A       4%          3
 Gell's Gravitas          Tloc           15%        N/A       11%         3
 Lesser Beckoning         Tloc           15%        N/A       11%         3
 Spider Form              Tmut/Pois      15%        N/A       11%         3
 Teleport Other           Tloc           15%        N/A       11%         3
 Vampiric Draining        Necr           15%        2d7       11%         3
 Anguish                  Hex/Necr       15%        N/A       12%         4
 Leda's Liquefaction      Hex/Erth       15%        N/A       12%         4
 Lightning Bolt           Conj/Air       18%        1d32      22%         5
 Dispel Undead            Necr           15%        3d10      34%         4
 Sticky Flame             Conj/Fire      15%        2d4       34%         4
 Freezing Cloud           Conj/Ice/Air   14%        6-21      36%         5
 Agony                    Necr           15%        N/A       67%         5
 Polar Vortex             Ice            7%         N/A       100%        9
 Portal Projectile        Hex/Tloc       Unusable   N/A       N/A         3
 Simulacrum               Ice/Necr       Unusable   N/A       N/A         6

Dungeon Overview and Level Annotations

Branches:
Dungeon (11/15)            Temple (1/1) D:7            Lair (5/5) D:11
 Shoals (0/4) Lair:2        Snake (0/4) Lair:3          Orc (0/2) D:9
  Sewer (visited)          Bailey (visited)
  Slime: Lair:4-5

Altars:
Ashenzari
Cheibriados
Elyvilon
Fedhas
Gozag
Hepliaklqana
Kikubaaqudgha
Makhleb
Nemelex Xobeh
Okawaru
Qazlal
Ru
Sif Muna
Trog
Uskayaw
Vehumet
Wu Jian
Xom
Yredelemnul
Zin
The Shining One

Shops:
D:8 =[   D:9 ([   Lair:1 :   Lair:3 ::

Annotations:
Temple 2 transporters
Lair:1 3 runed translucent doors, concernfroge's ghost, novice FeTm


Innate Abilities, Weirdness & Mutations

You have sharp claws.
You have razor-sharp teeth.
You have supernaturally acute eyesight. (SInv)
You cover ground quickly. (Speed+)
Your thick and shaggy fur keeps you warm. (AC +3, rC+)
Your paws help you pounce on unaware monsters.
You are incapable of wielding weapons or throwing items.
You cannot wear armour.
You gain extra lives every three experience levels.


Message History

Your warg bites the death yak.
The acid dragon closely misses your warg.
The acid dragon claws your warg but does no damage.
The steam dragon bites your guardian golem.
The steam dragon claws your guardian golem but does no damage.
The death yak barely misses your warg.
Your quokka bites the death yak but does no damage.
Your warg bites the death yak!
Your lightning spire shoots out a bolt of lightning at the steam dragon!
The bolt of electricity hits the steam dragon!
Your shadow imp gestures at the steam dragon.
The steam dragon writhes in agony.
The acid dragon closely misses your warg.
The acid dragon claws your warg.
The death yak gores your lightning spire!!
The death yak gores your warg!! The steam dragon bites your shadow imp.
The steam dragon barely misses your shadow imp.
The swamp drake bites your warg.
Your quokka bites the death yak but does no damage.
Your warg bites the swamp drake.
Your shadow imp misses the steam dragon.
Your quokka barely misses the death yak.
Your warg bites the swamp drake but does no damage.
The swamp drake bites your warg!
The death yak gores your lightning spire!
The death yak gores your guardian golem.
The steam dragon breathes steam at your shadow imp.
The ball of steam hits your shadow imp!
Your shadow imp dies!
Your shadow imp disappears in a puff of smoke!
Your guardian golem is destroyed!
Your guardian golem disappears in a puff of smoke!
Unknown command.
Your lightning spire shoots out a bolt of lightning at the steam dragon!
The bolt of electricity hits the steam dragon!
The steam dragon dies!
Your warg closely misses the swamp drake.
Your quokka completely misses the death yak.
A guardian golem appears, shielding your allies.
The acid dragon spits acid at you. The splash of acid hits you!!
The acid corrodes you!
The swamp drake closely misses your warg.
Your warg closely misses the swamp drake.
You take 18 damage, and have 41/66 hp.
MASSIVE DAMAGE!!
You now have 27/37 mp.
The acid dragon is distracted by your dazzling golden aura.
The swamp drake closely misses your warg.
Your warg bites the swamp drake.
The acid dragon roars!
Your warg closely misses the swamp drake.
The death yak is distracted by your dazzling golden aura.
Your quokka bites the death yak but does no damage.
The death yak is no longer distracted by gold.
Your warg disappears in a puff of smoke!
Your quokka bites the death yak but does no damage.
The death yak is engulfed in a cloud of scalding steam.
You now have 25/37 mp.
The death yak is distracted by your dazzling golden aura.
Your warg bites the death yak but does no damage.
The swamp drake breathes poison at you.
The noxious blast engulfs the death yak but does no damage.
The death yak is poisoned.
Your warg bites the death yak!
Your warg bites the death yak!
An electric hum fills the air.
Your lightning spire disappears in a puff of smoke!
The acid dragon is no longer distracted by gold.
The death yak is no longer distracted by gold.
The swamp drake breathes poison at you.
The noxious blast engulfs you but does no damage.
You are poisoned.
The death yak is engulfed in noxious fumes.
The death yak gores your guardian golem!
The death yak barely misses your guardian golem.
Your warg bites the death yak!
You now have 24/37 mp.
You are engulfed in noxious fumes.
You choke on the stench!
You are confused.
You feel sick. The death yak gores your warg.
The swamp drake is distracted by your dazzling golden aura.
The death yak is engulfed in noxious fumes.
The death yak gores your guardian golem but does no damage.
Your quokka bites the bush.
Your warg barely misses the death yak.
You take 1 damage, and have 41/66 hp.
The swamp drake roars!
You scratch the swamp drake but do no damage.
You are engulfed in noxious fumes.
You feel sick.
Your lightning spire shoots out a bolt of lightning at the swamp drake!
The bolt of electricity hits the swamp drake!
The swamp drake is no longer distracted by gold.
The acid dragon spits acid at you. The splash of acid misses you.
The death yak barely misses your guardian golem.
Your warg bites the death yak.
The swamp drake breathes poison at you. The noxious blast misses you.
The death yak barely misses your warg.
You hear an angry hiss.
You take 1 damage, and have 40/66 hp.
Unknown command.
Unknown command.

#.......## ##......
##.......###.......
#.....$............
##..........<.♣♣♣♣.♣
##Phr............P...
#P.Y.Y..D......~.....
##P°9Yk........~~.~YD
#.○○k°.........~~D~k~
####@°°........P~?..:
#○○°°8......#.♣..k..
##○○○.........♣..♣.P
#.○....... ..........
#..........
...........
##P.........


You could see 3 death yaks, 2 swamp drakes, an acid dragon (catching breath), a
friendly guardian golem (summoned), a friendly warg (summoned, sheltered), a
friendly lightning spire (summoned, sheltered) and a friendly quokka (summoned,
sheltered).

Vanquished Creatures
  4 electric eels (D:11)
4 creatures vanquished.

Vanquished Creatures (collateral kills)
  Gastronok (D:9)
  6 hydras
  An orc knight (Bailey)
  A manticore (D:11)
  A deep elf pyromancer (D:8)
  3 oklob plants
  2 ugly things (D:8)
  8 elephants
  Maurice (D:11)
  2 torpor snails
  3 rime drakes (Lair:2)
  7 cane toads
  Psyche (D:10)
  3 komodo dragons
  A hornet (D:9)
  7 dream sheep
  19 blink frogs
  Sigmund (D:6)
  A wraith (D:11)
  A wyvern (D:8)
  21 yaks
  4 basilisks
  6 steam dragons
  4 nagas (Lair:3)
  4 acid dragons
  12 water moccasins
  2 sky beasts (D:8)
  4 orc warriors
  An ice beast (D:7)
  4 ogres
  21 wolves
  6 centaurs
  3 kobold brigands
  11 bullfrogs
  3 gnoll sergeants
  A necrophage (D:7)
  4 scorpions
  6 wights
  3 killer bees (D:10)
  5 howler monkeys
  5 hounds
  6 orc priests
  A gnoll bouda (D:8)
  Terence (D:2)
  3 iguanas (D:8)
  Ijyb (D:5)
  Natasha (thrice) (D:2)
  4 orc wizards
  21 gnolls
  17 adders
  A shadow imp (D:4)
  2 worms
  2 dart slugs
  38 orcs
  A bat (D:2)
  10 endoplasms
  3 giant cockroaches
  6 hobgoblins
  20 kobolds
  5 quokkas
  11 ball pythons
  9 frilled lizards
  9 goblins
  7 rats
381 creatures vanquished.

Vanquished Creatures (others)
  3 hydras
  A centaur warrior (D:8)
  2 two-headed ogres (D:11)
  Sonja (D:10)
  5 elephants
  Joseph (D:7)
  A cane toad (Lair:4)
  An unseen horror (D:11)
  2 komodo dragons
  A troll (D:11)
  A hornet (D:10)
  A blink frog (Lair:4)
  3 dream sheep (Lair:3)
  A wyvern (Lair:1)
  A basilisk (Lair:1)
  10 yaks
  Edmund (D:4)
  Grum (D:9)
  2 water moccasins
  A black bear (D:6)
  An orc warrior (D:9)
  4 wolves
  3 bullfrogs
  A necrophage (D:6)
  A gnoll sergeant (D:7)
  2 scorpions
  6 wights
  4 killer bees (D:10)
  A hound (D:7)
  An orc priest (D:8)
  3 iguanas
  4 gnolls
  A shadow imp (D:8)
  7 orcs
  3 bushes
  33 fungi
  35 plants
150 creatures vanquished.

Grand Total: 535 creatures vanquished

Notes
Turn   | Place    | Note
-------+----------+-------------------------------------------
     0 | D:1      | OTABOTABOTAB the Felid Summoner began the quest for the
                  | Orb.
     0 | D:1      | Reached XP level 1. HP: 7/7 MP: 4/4
   823 | D:1      | Reached XP level 2. HP: 11/11 MP: 3/6
  1008 | D:2      | Learned a level 2 spell: Call Imp
  1192 | D:2      | HP: 2/11 [poisoned by a hobgoblin]
  1792 | D:2      | Found a faded altar of an unknown god.
  1831 | D:2      | Reached XP level 3. HP: 13/14 MP: 1/8
  1835 | D:2      | Learned a level 3 spell: Call Canine Familiar
  1956 | D:2      | Noticed Terence
  2077 | D:2      | Killed Terence
  2078 | D:2      | Reached skill level 3 in Spellcasting
  2182 | D:2      | Reached XP level 4. HP: 18/18 MP: 2/9
  2187 | D:2      | Learned a level 3 spell: Summon Guardian Golem
  2326 | D:2      | Noticed Natasha
  2345 | D:2      | Killed Natasha
  2346 | D:2      | Reached skill level 3 in Dodging
  2346 | D:2      | Reached skill level 1 in Hexes
  2346 | D:2      | Reached skill level 5 in Summonings
  2409 | D:2      | Identified the +1 hand axe of Gozag's Brutal Revenge
                  | {vorpal, Stlth+}
  3061 | D:2      | Reached XP level 5. HP: 17/21 MP: 5/11
  3167 | D:2      | Noticed Natasha
  3186 | D:2      | Killed Natasha
  3187 | D:2      | Reached skill level 1 in Fighting
  3384 | D:2      | Noticed Natasha
  3391 | D:2      | Killed Natasha
  3392 | D:2      | Reached skill level 2 in Hexes
  3599 | D:3      | Found a glowing drain.
  3633 | Sewer    | Entered a sewer
  4059 | Sewer    | Gained mutation: You are covered in thick fur. (AC +2)
                  | [Felid growth]
  4059 | Sewer    | Reached XP level 6. HP: 26/26 MP: 6/12
  4384 | Sewer    | Reached skill level 3 in Hexes
  4462 | Sewer    | Reached skill level 2 in Fighting
  4462 | Sewer    | Reached skill level 4 in Dodging
  5058 | D:3      | HP: 6/26 [orc/+0 club (2)]
  5073 | D:3      | Reached skill level 4 in Spellcasting
  6263 | D:4      | Reached XP level 7. HP: 28/30 MP: 14/14
  6466 | D:4      | Found a stormy altar of Qazlal.
  6567 | D:4      | Found a broken altar of Ashenzari.
  6660 | D:4      | Reached skill level 4 in Hexes
  7174 | D:4      | Found a blossoming altar of Fedhas.
  7181 | D:4      | Found a snail-covered altar of Cheibriados.
  7214 | D:4      | Noticed Edmund
  7228 | D:4      | Learned a level 4 spell: Summon Lightning Spire
  7238 | D:4      | Killed Edmund
  7239 | D:4      | Reached skill level 3 in Fighting
  7239 | D:4      | Reached skill level 5 in Dodging
  7239 | D:4      | Reached skill level 6 in Summonings
  7463 | D:5      | Entered Level 5 of the Dungeon
  7587 | D:5      | Reached skill level 1 in Air Magic
  7651 | D:5      | Reached XP level 8. HP: 33/34 MP: 15/15
  7864 | D:5      | Noticed Ijyb
  7934 | D:5      | Killed Ijyb
  7949 | D:5      | Reached skill level 5 in Hexes
  8075 | D:5      | Found an iron altar of Okawaru.
  8595 | D:6      | Reached skill level 2 in Air Magic
  8617 | D:6      | Noticed Sigmund
  8642 | D:6      | Killed Sigmund
  8643 | D:6      | Reached skill level 4 in Fighting
  8643 | D:6      | Reached skill level 6 in Dodging
  8643 | D:6      | Reached skill level 5 in Spellcasting
  8942 | D:6      | Reached skill level 3 in Air Magic
  9264 | D:6      | Reached skill level 7 in Summonings
  9264 | D:6      | Reached XP level 9. HP: 39/39 MP: 18/18
  9647 | D:7      | Reached skill level 7 in Dodging
  9908 | D:7      | Reached skill level 5 in Fighting
  9942 | D:7      | Noticed Joseph
 10009 | D:7      | HP: 6/40 [Joseph/sling bullet (10)]
 10044 | D:7      | Killed Joseph
 10045 | D:7      | Reached skill level 6 in Spellcasting
 10045 | D:7      | Reached skill level 4 in Air Magic
 10083 | D:7      | Found a staircase to the Ecumenical Temple.
 10142 | Temple   | Entered the Ecumenical Temple
 10142 | Temple   | Found a transporter.
 10142 | Temple   | Found a transporter.
 10144 | Temple   | Found a transporter.
 10144 | Temple   | Found a transporter.
 10158 | Temple   | Became a worshipper of Gozag Ym Sagoz the Greedy
 10387 | D:7      | Found a shimmering blue altar of Sif Muna.
 10692 | D:7      | Found a radiant altar of Vehumet.
 10693 | D:7      | Found a bloodstained altar of Trog.
 11039 | D:8      | Reached skill level 8 in Dodging
 11279 | D:8      | Found an ornate altar of the Wu Jian Council.
 11293 | D:8      | Found Ograrun's One-of-a-Kind Rings.
 11298 | D:8      | Found Qempais's Armour Shoppe.
 11427 | D:8      | Reached skill level 6 in Fighting
 11427 | D:8      | Reached XP level 10. HP: 39/45 MP: 20/20
 11452 | D:8      | Reached skill level 8 in Summonings
 11452 | D:8      | Noticed a red ugly thing
 11477 | D:8      | Killed a red ugly thing
 11534 | D:8      | HP: 10/45 [something] (8)]
 11673 | D:8      | Reached skill level 5 in Air Magic
 11860 | D:8      | Reached skill level 9 in Dodging
 12181 | D:8      | Noticed a cyan ugly thing
 12200 | D:8      | Noticed a deep elf pyromancer
 12203 | D:8      | Killed a deep elf pyromancer
 12203 | D:8      | Noticed a centaur warrior
 12204 | D:8      | Reached skill level 7 in Spellcasting
 12204 | D:8      | Killed a cyan ugly thing
 12208 | D:8      | Killed a centaur warrior
 12209 | D:8      | Reached skill level 7 in Fighting
 12408 | D:8      | Found a shimmering altar of Xom.
 12814 | D:8      | Bought a +8 ring of intelligence for 825 gold pieces
 12930 | D:9      | Reached skill level 9 in Summonings
 12930 | D:9      | Reached XP level 11. HP: 45/50 MP: 21/23
 12941 | D:9      | Reached skill level 10 in Dodging
 13120 | D:9      | Reached skill level 6 in Air Magic
 13192 | D:9      | Trevise: HAI AGAIN
 13212 | D:9      | Noticed Gastronok
 13212 | D:9      | OTABOTABOTAB: HAI FREND
 13234 | D:9      | Killed Gastronok
 13271 | D:9      | Found Anuitesa's Armour Shoppe.
 13665 | D:9      | Found a staircase to the Orcish Mines.
 13679 | D:9      | Found Kiaph's Weapon Shoppe.
 13976 | D:9      | Noticed Grum
 13994 | D:9      | Reached skill level 8 in Spellcasting
 13999 | D:9      | Killed Grum
 14497 | D:10     | Entered Level 10 of the Dungeon
 14497 | D:10     | Found a flagged portal.
 14527 | D:10     | Reached skill level 8 in Fighting
 14533 | Bailey   | Entered a bailey
 15022 | Bailey   | Noticed an orc knight
 15054 | Bailey   | Killed an orc knight
 15262 | D:10     | Reached skill level 11 in Dodging
 15584 | D:10     | Noticed Sonja
 15589 | D:10     | Noticed Psyche
 15601 | D:10     | HP: 11/51 [Sonja/+1 dagger of distortion (17)]
 15601 | D:10     | Killed Psyche
 15603 | D:10     | Killed Sonja
 15604 | D:10     | Reached skill level 7 in Air Magic
 15691 | D:10     | Reached skill level 10 in Summonings
 16266 | D:10     | HP: 13/52 [orc warrior/bolt (25)]
 16610 | D:10     | You fall into a shaft and drop 1 floor!
 16677 | D:11     | Noticed Maurice
 16692 | D:11     | Killed Maurice
 16800 | D:11     | Gained mutation: Your thick and shaggy fur keeps you warm.
                  | (AC +3, rC+) [Felid growth]
 16800 | D:11     | Reached XP level 12. HP: 38/56 MP: 25/25
 17035 | D:11     | Found a staircase to the Lair.
 17041 | D:11     | Noticed a seven-headed hydra
 17045 | D:11     | Noticed a two-headed ogre
 17060 | D:11     | Killed a seven-headed hydra
 17073 | D:11     | Noticed a two-headed ogre
 17074 | D:11     | Killed a two-headed ogre
 17075 | D:11     | Reached skill level 9 in Fighting
 17075 | D:11     | Reached skill level 12 in Dodging
 17075 | D:11     | Reached skill level 9 in Spellcasting
 17087 | D:11     | Killed a two-headed ogre
 17844 | D:11     | Found a blossoming altar of Fedhas.
 17936 | Lair:1   | Entered Level 1 of the Lair of Beasts
 18163 | Lair:1   | Noticed a six-headed hydra
 18172 | Lair:1   | Killed a six-headed hydra
 18412 | Lair:1   | Found a runed translucent gate.
 18412 | Lair:1   | Found a runed translucent gate.
 18413 | Lair:1   | Found a runed translucent gate.
 18467 | Lair:1   | Noticed a minotaur
 18536 | Lair:1   | Reached skill level 13 in Dodging
 18576 | Lair:1   | Reached skill level 10 in Fighting
 18779 | Lair:1   | Noticed concernfroge's ghost (novice FeTm)
 18965 | Lair:1   | Noticed a six-headed hydra
 18973 | Lair:1   | Killed a six-headed hydra
 19353 | Lair:1   | Reached skill level 10 in Spellcasting
 19546 | Lair:1   | HP: 14/58 [wolf (4)]
 19867 | Lair:2   | Noticed a six-headed hydra
 19875 | Lair:2   | Killed a six-headed hydra
 20124 | Lair:2   | Reached skill level 14 in Dodging
 20208 | Lair:2   | Reached XP level 13. HP: 60/63 MP: 28/28
 20366 | Lair:2   | Reached skill level 11 in Fighting
 20547 | Lair:2   | Found a staircase to the Shoals.
 21389 | Lair:2   | Reached skill level 15 in Dodging
 22808 | Lair:3   | Found a staircase to the Snake Pit.
 23024 | Lair:3   | Reached skill level 12 in Fighting
 23303 | Lair:3   | Identified the +3 rapier of the Fuzzy God {antimagic, rElec
                  | Int+4}
 23626 | Lair:3   | Found a runed translucent door.
 23688 | Lair:3   | Reached skill level 16 in Dodging
 24311 | Lair:4   | Trevise: Okay night night time
 24311 | Lair:4   | OTABOTABOTAB: nnn
 24909 | Lair:4   | Reached skill level 13 in Fighting
 25312 | Lair:4   | Reached skill level 17 in Dodging
 25346 | Lair:5   | Entered Level 5 of the Lair of Beasts
 25521 | Lair:5   | Reached XP level 14. HP: 58/70 MP: 29/29
 25538 | Lair:5   | HP: 15/70 [black mamba (15)]
 25538 | Lair:5   | Slain by a black mamba
 25539 | Lair:5   | Reached XP level 13. HP: -2/66 MP: 37/37
 25559 | Lair:5   | Quit the game

Illustrated notes

Levels and vault maps discovered:
D:1:      minmay_arrival_shattered_statue, layout_basic, minmay_crystal_water
D:2:      layout_loops_ring, dreamdust_ecumenical_altar_hidden_monk_grotto,
          kennysheep_small_spiral, kennysheep_crisscross, uniq_natasha,
          uniq_terence
D:3:      layout_basic, gup_sewer_entry_glass, st_stairs_10
D:4:      layout_loops_ring, nicolae_ashenzari_skybound,
          nicolae_qazlal_general_emergency, amethyst_overflow_temple_binary,
          uniq_edmund
D:5:      layout_basic, okawaru_ov_weapons_minmay, minmay_hedge_maze, uniq_ijyb
D:6:      layout_loops_ring, uniq_sigmund
D:7:      layout_rooms, mainiacjoe_overflow_paths,
          gammafunk_temple_overflow_pools, minmay_temple_entry_grid, uniq_joseph
D:8:      minmay_bloctagon_deflated, layout_basic, xom_confusion_cloud,
          nicolae_wu_jian_wuxing_cycle, serial_shops, shop, serial_curves,
          eino_curves_04, eino_curves_01, nicolae_shop_unique_rings,
          minmay_lizard_king
D:9:      layout_stronghold, orc_david_3, uniq_grum, uniq_gastronok
D:10:     layout_gridville, lemuel_coloured_pillars_altar, enter_bailey_5,
          eino_jars, uniq_sonja, uniq_psyche
D:11:     layout_loops_cross, erik_lair_island, fedhas_bush_and_centaur_altar,
          uniq_maurice
Temple:   hellmonk_temple_divided_pantheon
Lair:1:   layout_cave_pods, maelrawn_ghost_gauntlet_escape,
          nicolae_lair_lil_pond
Lair:2:   minmay_lair_oklob_chamber, layout_long_grid, shoals_dummy_entry,
          beast_lair_carwin_11
Lair:3:   layout_gridlike, minmay_snake_entry_guardpost_small, pf_torpor_hydra
Lair:4:   layout_hall_layers, lemuel_fruit_fields
Lair:5:   cheibrodos_lair_end_hotspot, layout_gridlike, slime_entry_1,
          guppyfry_lair_drakes

Skill      XL: |  1  2  3  4  5  6  7  8  9 10 11 12 13 |
---------------+----------------------------------------+-----
Spellcasting   | 3 4 5 6 7 8 10 | 10.0
Dodging        | 3 4 5 6 8 9 11 14 17 | 17.1
Hexes          | 1 2 3 4 5 |  5.0
Summonings     | 5 6 7 9 10 | 10.0
Fighting       | 1 2 3 4 6 7 8 10 13 | 13.3
Air Magic      | 1 3 4 5 7 |  7.0
Stealth        | |  2.6

Action                   |  1- 3 |  4- 6 |  7- 9 | 10-12 | 13-15 || total
-------------------------+-------+-------+-------+-------+-------++-------
Melee: Unarmed           |       |     1 |     1 |     2 |     2 ||     6
       Punch             |       |     1 |       |       |       ||     1
       Bite              |       |       |       |       |     1 ||     1
 Cast: Summon Small Mamm |    38 |    22 |    51 |   117 |    87 ||   315
       Call Imp          |    14 |    37 |    28 |    58 |    42 ||   179
       Call Canine Famil |     2 |    35 |    50 |    72 |    42 ||   201
       Summon Guardian G |       |     3 |    45 |    81 |    46 ||   175
       Summon Lightning  |       |       |     4 |    84 |    88 ||   176
Invok: Call Merchant     |       |       |       |     1 |     2 ||     3
Evoke: Wand              |       |       |       |     9 |       ||     9
  Use: Scroll            |       |     9 |    11 |     7 |     2 ||    29
       Potion            |       |       |     3 |     2 |       ||     5
Armor: Skin              |       |       |     4 |     4 |     3 ||    11
Dodge: Dodged            |     8 |    26 |    64 |   145 |    73 ||   316

Table legend: (Time is in decaauts)
 A = Elapsed time spent in this place.
 B = Non-inter-level travel time spent in this place.
 C = Inter-level travel time spent in this place.
 D = Time resting spent in this place.
 E = Time spent auto-exploring this place.
 F = Levels seen in this place.
 G = Mean time per level.
                   A        B        C        D        E       F      G
               +--------+--------+--------+--------+--------+-----+--------+
         Total |  23167 |  22634 |    533 |   3389 |  14216 |  19 | 1219.3 |
       Dungeon |  14763 |  14403 |    360 |   1136 |  10149 |  11 | 1342.1 |
        Temple |     24 |     19 |      5 |      0 |      3 |   1 |   24.0 |
          Lair |   6905 |   6738 |    167 |   1935 |   3448 |   5 | 1381.0 |
         Sewer |    905 |    905 |      0 |    211 |    432 |   1 |  905.0 |
        Bailey |    567 |    567 |      0 |    107 |    183 |   1 |  567.0 |
               +--------+--------+--------+--------+--------+-----+--------+

Top non-repeatable levels by time:
  Lair:2: 2761 daAuts
     D:2: 2284 daAuts
     D:8: 1705 daAuts
  Lair:1: 1693 daAuts
     D:3: 1633 daAuts
     D:9: 1489 daAuts
    D:10: 1429 daAuts
  Lair:3: 1309 daAuts
     D:7: 1231 daAuts
    D:11: 1152 daAuts
     D:4: 1138 daAuts
  Lair:4: 1037 daAuts
     D:6: 971 daAuts
   Sewer: 905 daAuts
     D:5: 903 daAuts

Table legend:
 A = Kills in this place as a percentage of kills in entire the game.
 B = Kills by you in this place as a percentage of kills by you in the entire game.
 C = Kills by friends in this place as a percentage of kills by friends in the entire game.
 D = Other kills in this place as a percentage of other kills in the entire game.
 E = Experience gained in this place as a percentage of experience gained in the entire game.
 F = Experience gained in this place divided by the number of levels of this place that you have seen.
                   A       B       C       D       E      F
               +-------+-------+-------+-------+-------+----------------------
         Total | 100.0 | 100.0 | 100.0 | 100.0 | 100.0 | 3416.5
       Dungeon |  60.8 | 100.0 |  58.8 |  69.4 |  39.6 | 2336.9
          Lair |  29.1 |   0.0 |  29.7 |  27.8 |  58.8 | 7633.6
         Sewer |   5.3 |   0.0 |   6.3 |   0.0 |   0.4 | 268.0
        Bailey |   4.8 |   0.0 |   5.2 |   2.8 |   1.2 | 771.0
               +-------+-------+-------+-------+-------+----------------------
